[ AOE2 MATCH · #513591561 ]
UnrankedItalians vs Franks
Player's team · LOSS
Rival team · WIN
[ REPLAY ANALYSIS · EXTRACTED FROM THE RECORDED GAME ]
Feudal
8:03
Castle
—
Imperial
—
| APM avg | 66.1 |
| APM peak | 93 |
| eAPM avg | 36.9 |
| Villagers / military | 35 / 13 |
Focus
⚔️ 57.4% · 🌾 42.6%
Archer ×9 · Scout Cavalry ×4
Feudal
10:06
Castle
—
Imperial
—
| APM avg | 69.4 |
| APM peak | 105 |
| eAPM avg | 36.3 |
| Villagers / military | 48 / 20 |
Focus
⚔️ 56.2% · 🌾 43.8%
Skirmisher ×17 · Spearman ×3
Match map
Initial resources + every placement click. Lines = walls · curves = elevation contours. ◆ gold · ⬟ stone · ● berries · ✦ relic · ◌ wall gap
Your base· Open — unwalled flank
TAG_Sitaux's base· Open — unwalled flank
Smoothed initial terrain · ◌ = detected wall gap · hover for details
Inputs per minute
— DzeDanik - - TAG_Sitaux
Build order — DzeDanik
105 actions detected in the replay
| 0:01 | Queue | Villager (Male) ×4 |
| 0:02 | Build | House |
| 0:05 | Build | House |
| 1:29 | Queue | Villager (Male) |
| 1:45 | Build | Lumber Camp |
| 1:51 | Queue | Villager (Male) |
| 2:21 | Queue | Villager (Male) |
| 2:47 | Queue | Villager (Male) |
| 2:58 | Queue | Villager (Male) |
| 3:27 | Queue | Villager (Male) |
| 3:48 | Queue | Villager (Male) |
| 4:11 | Build | House |
| 4:31 | Queue | Villager (Male) |
| 4:35 | Build | Mining Camp |
| 5:02 | Queue | Villager (Male) |
| 5:25 | Research | Loom |
| 5:53 | Research | Feudal Age |
| 5:53 | Research | Feudal Age |
| 6:39 | Queue | Villager (Male) |
| 7:02 | Queue | Villager (Male) |
| 7:07 | Build | Barracks |
| 8:03 | Age | Feudal Age |
| 8:04 | Queue | Villager (Male) |
| 8:07 | Build | Archery Range |
| 8:28 | Queue | Villager (Male) |
| 8:33 | Build | House |
| 8:43 | Queue | Archer |
| 8:44 | Queue | Archer |
| 8:57 | Build | House |
| 9:02 | Queue | Villager (Male) |
| 9:09 | Queue | Villager (Male) |
| 9:28 | Build | Mill |
| 9:39 | Queue | Archer |
| 9:46 | Build | Palisade Wall |
| 9:47 | Build | Palisade Wall |
| 10:15 | Build | Watch Tower |
| 10:22 | Queue | Archer |
| 10:31 | Queue | Villager (Male) |
| 10:42 | Queue | Archer |
| 11:06 | Queue | Villager (Male) |
| 11:12 | Queue | Archer |
| 11:23 | Build | Stable |
| 11:43 | Build | Palisade Wall |
| 11:44 | Build | Palisade Wall |
| 11:45 | Build | Palisade Wall |
| 11:59 | Queue | Archer |
| 12:02 | Queue | Villager (Male) |
| 12:10 | Queue | Villager (Male) |
| 12:13 | Build | Mill |
| 12:46 | Queue | Villager (Male) |
| 13:10 | Queue | Scout Cavalry |
| 13:23 | Build | Palisade Wall |
| 13:27 | Build | Palisade Wall |
| 13:31 | Build | House |
| 13:45 | Build | House |
| 14:04 | Queue | Scout Cavalry |
| 14:08 | Queue | Villager (Male) |
| 14:13 | Build | Farm |
| 14:13 | Build | Farm |
| 14:13 | Build | Farm |
| 14:13 | Build | Farm |
| 14:13 | Build | Farm |
| 14:15 | Build | House |
| 14:58 | Queue | Villager (Male) |
| 14:59 | Build | Farm |
| 15:18 | Queue | Archer |
| 15:30 | Queue | Villager (Male) |
| 15:31 | Queue | Archer |
| 15:55 | Queue | Villager (Male) |
| 16:04 | Build | House |
| 16:05 | Build | House |
| 16:06 | Build | House |
| 16:10 | Build | Palisade Wall |
| 16:21 | Queue | Scout Cavalry |
| 16:24 | Queue | Villager (Male) |
| 16:34 | Build | Mining Camp |
| 16:41 | Build | Lumber Camp |
| 16:46 | Queue | Villager (Male) |
| 16:51 | Build | Palisade Wall |
| 17:06 | Queue | Scout Cavalry |
| 17:34 | Queue | Villager (Male) |
| 17:54 | Build | Stone Wall |
| 17:59 | Build | Lumber Camp |
| 18:42 | Build | Watch Tower |
| 18:46 | Build | Watch Tower |
| 19:04 | Queue | Villager (Male) |
| 19:10 | Build | Stone Wall |
| 19:11 | Build | Stone Wall |
| 19:11 | Build | Stone Wall |
| 19:22 | Build | Stone Wall |
| 19:25 | Build | Stone Wall |
| 19:49 | Queue | Villager (Male) |
| 20:10 | Build | Market |
| 20:27 | Queue | Villager (Male) |
| 20:54 | Build | Gate |
| 20:57 | Build | House |
| 21:12 | Build | Watch Tower |
| 21:22 | Build | Mining Camp |
| 21:25 | Build | House |
| 21:27 | Build | Palisade Wall |
| 21:28 | Build | Palisade Wall |
| 21:28 | Build | Palisade Wall |
| 21:48 | Build | Stone Wall |
| 21:52 | Queue | Villager (Male) |
| 22:10 | Build | Mining Camp |
Build order — TAG_Sitaux
136 actions detected in the replay
| 0:01 | Queue | Villager (Male) |
| 0:01 | Queue | Villager (Male) |
| 0:02 | Build | House |
| 0:03 | Build | House |
| 0:10 | Queue | Villager (Male) |
| 0:10 | Queue | Villager (Male) |
| 1:25 | Queue | Villager (Male) |
| 1:42 | Queue | Villager (Male) |
| 2:06 | Queue | Villager (Male) |
| 2:16 | Build | Lumber Camp |
| 2:26 | Queue | Villager (Male) |
| 2:26 | Queue | Villager (Male) |
| 2:51 | Queue | Villager (Male) |
| 3:14 | Queue | Villager (Male) |
| 3:14 | Queue | Villager (Male) |
| 3:25 | Build | House |
| 3:25 | Build | House |
| 3:46 | Queue | Villager (Male) |
| 4:07 | Build | Mill |
| 4:21 | Queue | Villager (Male) |
| 4:32 | Build | Palisade Wall |
| 4:32 | Build | Palisade Wall |
| 4:33 | Build | Palisade Wall |
| 4:33 | Build | Palisade Wall |
| 5:00 | Queue | Villager (Male) |
| 5:01 | Queue | Villager (Male) |
| 5:11 | Build | Palisade Wall |
| 5:12 | Build | Palisade Wall |
| 5:20 | Queue | Villager (Male) |
| 5:30 | Queue | Villager (Male) |
| 5:53 | Queue | Villager (Male) |
| 6:03 | Build | House |
| 6:09 | Build | House |
| 6:13 | Build | House |
| 6:16 | Build | Palisade Wall |
| 6:17 | Build | Palisade Wall |
| 6:36 | Queue | Villager (Male) |
| 7:26 | Research | Loom |
| 7:50 | Research | Feudal Age |
| 8:00 | Build | House |
| 8:15 | Build | Palisade Wall |
| 8:17 | Build | Lumber Camp |
| 8:45 | Build | Barracks |
| 9:06 | Build | Mining Camp |
| 9:37 | Queue | Villager (Male) |
| 9:49 | Build | Palisade Wall |
| 10:06 | Age | Feudal Age |
| 10:08 | Build | Watch Tower |
| 10:09 | Queue | Villager (Male) |
| 10:10 | Build | Archery Range |
| 10:21 | Build | Palisade Gate |
| 10:35 | Queue | Villager (Male) |
| 10:47 | Queue | Skirmisher |
| 10:59 | Queue | Skirmisher |
| 11:09 | Queue | Skirmisher |
| 11:12 | Queue | Villager (Male) |
| 11:13 | Build | Farm |
| 11:15 | Build | Farm |
| 11:24 | Queue | Skirmisher |
| 11:31 | Research | Double-Bit Axe |
| 11:46 | Build | Watch Tower |
| 11:50 | Queue | Villager (Male) |
| 11:54 | Queue | Skirmisher |
| 12:11 | Queue | Skirmisher |
| 12:15 | Queue | Skirmisher |
| 12:28 | Queue | Skirmisher |
| 12:29 | Queue | Villager (Male) |
| 12:32 | Build | House |
| 12:33 | Build | House |
| 12:56 | Queue | Villager (Male) |
| 12:59 | Build | Mill |
| 13:05 | Build | House |
| 13:22 | Queue | Villager (Male) |
| 13:25 | Build | House |
| 13:35 | Queue | Skirmisher |
| 13:45 | Build | Blacksmith |
| 13:57 | Queue | Villager (Male) |
| 13:59 | Queue | Skirmisher |
| 14:17 | Build | Watch Tower |
| 14:22 | Build | Watch Tower |
| 14:23 | Queue | Villager (Male) |
| 14:25 | Queue | Skirmisher |
| 14:33 | Queue | Spearman |
| 14:37 | Build | Palisade Wall |
| 14:38 | Build | Palisade Wall |
| 14:41 | Build | Stone Wall |
| 14:55 | Queue | Villager (Male) |
| 15:14 | Queue | Villager (Male) |
| 15:23 | Research | Fletching |
| 15:23 | Research | Fletching |
| 15:29 | Queue | Villager (Male) |
| 15:56 | Queue | Spearman |
| 16:04 | Queue | Villager (Male) |
| 16:16 | Build | Watch Tower |
| 16:17 | Queue | Villager (Male) |
| 16:22 | Build | House |
| 16:26 | Research | Town Watch |
| 16:35 | Build | Watch Tower |
| 16:38 | Queue | Villager (Male) |
| 16:52 | Build | Watch Tower |
| 16:54 | Queue | Skirmisher |
| 16:59 | Queue | Skirmisher |
| 17:13 | Queue | Villager (Male) |
| 17:13 | Queue | Villager (Male) |
| 17:15 | Build | Farm |
| 17:23 | Queue | Skirmisher |
| 17:33 | Build | House |
| 17:37 | Build | Farm |
| 17:45 | Queue | Villager (Male) |
| 17:49 | Build | Palisade Gate |
| 18:08 | Queue | Villager (Male) |
| 18:13 | Queue | Skirmisher |
| 18:24 | Queue | Skirmisher |
| 18:30 | Queue | Spearman |
| 18:47 | Build | Farm |
| 19:04 | Queue | Villager (Male) |
| 19:11 | Build | Watch Tower |
| 19:28 | Build | Watch Tower |
| 19:32 | Queue | Villager (Male) |
| 19:32 | Queue | Villager (Male) |
| 19:35 | Build | House |
| 19:51 | Build | House |
| 20:11 | Queue | Villager (Male) |
| 20:17 | Queue | Skirmisher |
| 20:24 | Build | House |
| 20:45 | Queue | Villager (Male) |
| 21:01 | Build | Palisade Wall |
| 21:14 | Queue | Villager (Male) |
| 21:47 | Queue | Villager (Male) |
| 21:50 | Build | Farm |
| 21:53 | Build | Lumber Camp |
| 22:08 | Queue | Villager (Male) |
| 22:11 | Build | Mining Camp |
| 22:29 | Build | Farm |
| 22:33 | Build | Farm |
| 22:35 | Build | Farm |
Match timeline
| 4:32 | TAG_Sitaux · wall_segment Palisade Wall x1 |
| 4:32 | TAG_Sitaux · wall_segment Palisade Wall x1 |
| 4:33 | TAG_Sitaux · wall_segment Palisade Wall x1 |
| 4:33 | TAG_Sitaux · wall_segment Palisade Wall x1 |
| 5:11 | TAG_Sitaux · wall_segment Palisade Wall x1 |
| 5:12 | TAG_Sitaux · wall_segment Palisade Wall x1 |
| 6:16 | TAG_Sitaux · wall_segment Palisade Wall x4 |
| 6:17 | TAG_Sitaux · wall_segment Palisade Wall x1 |
| 7:07 | DzeDanik · first_building Barracks |
| 8:03 | DzeDanik · age_up feudal |
| 8:07 | DzeDanik · first_building Archery Range |
| 8:15 | TAG_Sitaux · wall_segment Palisade Wall x4 |
| 8:45 | TAG_Sitaux · first_building Barracks |
| 9:46 | DzeDanik · wall_segment Palisade Wall x1 |
| 9:47 | DzeDanik · wall_segment Palisade Wall x1 |
| 9:49 | TAG_Sitaux · wall_segment Palisade Wall x1 |
| 10:06 | TAG_Sitaux · age_up feudal |
| 10:10 | TAG_Sitaux · first_building Archery Range |
| 11:23 | DzeDanik · first_building Stable |
| 11:43 | DzeDanik · wall_segment Palisade Wall x1 |
| 11:44 | DzeDanik · wall_segment Palisade Wall x1 |
| 11:45 | DzeDanik · wall_segment Palisade Wall x1 |
| 13:23 | DzeDanik · wall_segment Palisade Wall x5 |
| 13:27 | DzeDanik · wall_segment Palisade Wall x6 |
| 14:37 | TAG_Sitaux · wall_segment Palisade Wall x1 |
| 14:38 | TAG_Sitaux · wall_segment Palisade Wall x1 |
| 14:41 | TAG_Sitaux · wall_segment Stone Wall x1 |
| 16:10 | DzeDanik · wall_segment Palisade Wall x1 |
| 16:51 | DzeDanik · wall_segment Palisade Wall x1 |
| 17:54 | DzeDanik · wall_segment Stone Wall x1 |
| 19:10 | DzeDanik · wall_segment Stone Wall x1 |
| 19:11 | DzeDanik · wall_segment Stone Wall x2 |
| 19:11 | DzeDanik · wall_segment Stone Wall x1 |
| 19:22 | DzeDanik · wall_segment Stone Wall x1 |
| 19:25 | DzeDanik · wall_segment Stone Wall x1 |
| 21:01 | TAG_Sitaux · wall_segment Palisade Wall x1 |
| 21:11 | DzeDanik · first_market_buy 100 stone |
| 21:27 | DzeDanik · wall_segment Palisade Wall x1 |
| 21:28 | DzeDanik · wall_segment Palisade Wall x1 |
| 21:28 | DzeDanik · wall_segment Palisade Wall x1 |
| 21:48 | DzeDanik · wall_segment Stone Wall x1 |
| 22:35 | DzeDanik · resign |
[ AI ANALYSIS · 1 CREDIT ]
What really happened in this match?
Wolo.gg analyzes every decision: build order, eco, micro, common mistakes by bracket. Personalized analysis on WhatsApp or Discord in 30 seconds.
Civ guide
Italians
Perfil
Jugador #3867568